 Dungeon Sprint DCSS version 0.31-a0-728-g01b46875f1 (webtiles) character file.

Game seed: 240696878771273474

13787 sircluck the Brawler (level 11, 0/198 HPs)
             Began as a Troll Berserker on Sept 11, 2023.
             Was a High Priest of Trog.
             Killed by divine providence
             ... invoked by an orc high priest
              (11 damage)
             ... in the Dungeon (Sprint III: "The Ten Rune Challenge").
             The game lasted 00:10:37 (1401 turns).

sircluck the Brawler (Troll Berserker)              Turns: 1401, Time: 00:10:38

Health: 0/198      AC:  2    Str: 31    XL:     11   Next: 80%
Magic:  10/10      EV: 14    Int:  3    God:    Trog [*****.]
Gold:   67         SH:  0    Dex:  9    Spells: 10/10 levels left

rFire   . .          .
                       - Unarmed
rCold   . . .        (no shield)
rNeg    . . .        a - +0 animal skin
rPois   .            c - +1 hat {Will+}
rElec   .            h - +0 cloak
rCorr   .            (gloves unavailable)
SInv    .            (boots unavailable)
Will    +....        (no amulet) Stlth
                     (no ring)
HPRegen 1.33/turn    (no ring)
MPRegen 0.12/turn

%: no teleportation
@: berserking, corroded, very quick
A: large, unfitting armour, claws 3, regeneration 1, shaggy fur 1, tough skin 1
a: Renounce Religion, Berserk, Trog's Hand, Brothers in Arms


You were in the Dungeon.
You worshipped Trog.
Trog was extremely pleased with you.
You visited 1 branch You collected 67 gold pieces.

Inventory:

Armour
 a - a +0 animal skin (worn)
 c - a +1 hat of willpower (worn)
 h - a +0 cloak (worn)
Scrolls
 g - a scroll of blinking
 j - a scroll of identify
 o - a scroll of enchant armour {unknown}
Potions
 b - 2 potions of curing
 d - a potion of haste
 e - 2 potions of magic
 f - a potion of berserk rage
 i - 5 potions of mutation
 l - 2 potions of brilliance {unknown}
 m - a potion of enlightenment {unknown}
Miscellaneous
 p - a phial of floods


   Skills:
 + Level 15.1 Fighting
 + Level 14.9 Dodging
 + Level 17.5 Unarmed Combat


You had 10 spell levels left.
You didn't know any spells.
Your spell library was empty.

Dungeon Overview and Level Annotations

Branches:
Dungeon (1/1)

Altars:
Cheibriados
Dithmenos
Elyvilon
Fedhas
Gozag
Hepliaklqana
Kikubaaqudgha
Makhleb
Nemelex Xobeh
Okawaru
Qazlal
Ru
Sif Muna
Trog
Uskayaw
Vehumet
Wu Jian
Xom
Yredelemnul
Zin
The Shining One
Jiyva
Lugonu


Innate Abilities, Weirdness & Mutations

You are too large for most types of armour.
You have claws for hands.
Your natural rate of healing is unusually fast.
You are covered in fur. (AC +1)
You have tough skin. (AC +1)


Message History

You scratch the orc high priest.
The orc high priest is severely wounded.
You claw the orc high priest!
The orc high priest is almost dead.
The orc high priest hits you with a +2 vampiric glaive!
* * * LOW HITPOINT WARNING * * *
The orc high priest draws strength from your wounds!
The orc priest closely misses you. The orc high priest closely misses you.
The orange demon stings you from afar!
* * * LOW HITPOINT WARNING * * *
Unknown command.
You feel better.
The orc high priest completely misses you.
The orc priest misses you. The orc high priest barely misses you.
The orange demon stings you from afar.
* * * LOW HITPOINT WARNING * * *
A red film seems to cover your vision as you go berserk!
You feel yourself moving faster!
You feel mighty!
The orc high priest hits you with a +2 vampiric glaive.
* * * LOW HITPOINT WARNING * * *
The orc high priest draws strength from your wounds!
The orc high priest hits you from afar with a +0 trident.
* * * LOW HITPOINT WARNING * * *
The orc priest calls down the wrath of Beogh upon you.
Beogh smites you!
* * * LOW HITPOINT WARNING * * *
The orange demon barely misses you.
You mangle the orc high priest!!
You feel the power of Trog in you as your rage grows.
You kill the orc high priest!
Trog accepts your kill.
The orange demon disappears in a puff of smoke!
Unknown command.
The orc high priest barely misses you.
You completely miss the orc high priest.
The orc priest hits you with a +0 hand axe.
* * * LOW HITPOINT WARNING * * *
The orc high priest invokes the aid of Beogh against you.
Beogh smites you!
You die...

♣♣♣##'########
#...'.§≈≈≈#
#...#§§§§≈#
#...#§#§≈≈#
#####.# §≈≈#
#..P..# ≈≈§
#..).P# ≈≈
#..o§.# ≈≈
#..@oP# §
#+#####


You could see an orc high priest and an orc priest.

Vanquished Creatures
  Gastronok (D)
  2 dire elephants (D)
  Josephine (D)
  A centaur warrior (D)
  A deep elf pyromancer (D)
  An elephant (D)
  2 cane toads (D)
  A rime drake (D)
  An unseen horror (D)
  A komodo dragon (D)
  A queen bee (D)
  3 wandering mushrooms (D)
  An orc high priest (D)
  5 blink frogs (D)
  A shadow (D)
  A spatial vortex (D)
  A swamp drake (D)
  2 centaurs (D)
  An earth elemental (D)
  A necrophage (D)
  A water elemental (D)
  18 killer bees (D)
  A jelly (D)
  Crazy Yiuf (D)
  An orc priest (D)
  Jessica (D)
  A wizard (D)
  A necromancer (D)
  3 humans (D)
  A kobold demonologist (D)
  An endoplasm (D)
  2 rats (D)
61 creatures vanquished.

Vanquished Creatures (collateral kills)
  Rupert (D)
  Frances (D)
  Donald (D)
  An elephant (D)
  14 killer bees (D)
18 creatures vanquished.

Grand Total: 79 creatures vanquished

Notes
Turn   | Place    | Note
-------+----------+-------------------------------------------
     0 | D        | sircluck the Troll Berserker began the quest for the Orb.
     0 | D        | Reached XP level 1. HP: 22/22 MP: 0/0
    12 | D        | Noticed Jessica
    17 | D        | Killed Jessica
    17 | D        | Reached ** piety under Trog
    18 | D        | Reached skill level 4 in Unarmed Combat
    18 | D        | Reached XP level 2. HP: 14/32 MP: 1/1
    19 | D        | Reached XP level 3. HP: 19/39 MP: 2/2
    95 | D        | Noticed Crazy Yiuf
   100 | D        | Killed Crazy Yiuf
   100 | D        | Reached *** piety under Trog
   101 | D        | Reached skill level 5 in Unarmed Combat
   101 | D        | Reached XP level 4. HP: 49/49 MP: 3/3
   137 | D        | Noticed a water elemental
   143 | D        | Killed a water elemental
   144 | D        | Reached skill level 5 in Fighting
   144 | D        | Reached skill level 5 in Dodging
   144 | D        | Reached skill level 6 in Unarmed Combat
   144 | D        | Reached XP level 5. HP: 55/57 MP: 4/4
   182 | D        | Found a basalt altar of Yredelemnul.
   182 | D        | Found a shadowy altar of Dithmenos.
   182 | D        | Found a sacrificial altar of Ru.
   189 | D        | Reached skill level 7 in Unarmed Combat
   221 | D        | Found a radiant altar of Vehumet.
   221 | D        | Found a shimmering blue altar of Sif Muna.
   221 | D        | Found an ancient bone altar of Kikubaaqudgha.
   222 | D        | Reached **** piety under Trog
   225 | D        | Reached XP level 6. HP: 68/68 MP: 5/5
   234 | D        | Found a glowing silver altar of Zin.
   234 | D        | Found a glowing golden altar of the Shining One.
   234 | D        | Found a white marble altar of Elyvilon.
   234 | D        | Noticed a deep elf pyromancer
   239 | D        | Noticed a fire elemental
   239 | D        | Noticed a fire elemental
   258 | D        | Killed a deep elf pyromancer
   258 | D        | Reached ***** piety under Trog
   259 | D        | Reached skill level 9 in Unarmed Combat
   259 | D        | Reached XP level 7. HP: 22/79 MP: 6/6
   302 | D        | Found a hide-covered altar of Uskayaw.
   302 | D        | Found an iron altar of Okawaru.
   302 | D        | Found a bloodstained altar of Trog.
   302 | D        | Found an ornate altar of the Wu Jian Council.
   302 | D        | Noticed a human
   302 | D        | Noticed a human
   305 | D        | Killed a human
   309 | D        | Killed a human
   310 | D        | Reached skill level 10 in Unarmed Combat
   333 | D        | Noticed a shadow
   344 | D        | Killed a shadow
   347 | D        | Reached XP level 8. HP: 83/92 MP: 7/7
   355 | D        | Found a blossoming altar of Fedhas.
   355 | D        | Found a stormy altar of Qazlal.
   355 | D        | Found a snail-covered altar of Cheibriados.
   355 | D        | Found a burning altar of Makhleb.
   355 | D        | Found a shimmering altar of Xom.
   356 | D        | Found a hazy altar of Hepliaklqana.
   356 | D        | Found an opulent altar of Gozag.
   356 | D        | Found a sparkling altar of Nemelex Xobeh.
   356 | D        | Found a corrupted altar of Lugonu.
   356 | D        | Found a viscous altar of Jiyva.
   381 | D        | Noticed Josephine
   386 | D        | Killed Josephine
   387 | D        | Reached skill level 10 in Fighting
   387 | D        | Reached skill level 10 in Dodging
   387 | D        | Reached skill level 11 in Unarmed Combat
   411 | D        | Noticed a centaur warrior
   420 | D        | Killed a centaur warrior
   421 | D        | Reached skill level 12 in Unarmed Combat
   421 | D        | Reached XP level 9. HP: 36/102 MP: 8/8
   422 | D        | Reached ****** piety under Trog
   424 | D        | Received a gift from Trog
   503 | D        | Killed an unseen horror
   504 | D        | Reached skill level 13 in Unarmed Combat
   566 | D        | Noticed a queen bee
   574 | D        | Received a gift from Trog
   584 | D        | Received a gift from Trog
   609 | D        | Killed a queen bee
   610 | D        | Reached XP level 10. HP: 115/115 MP: 9/9
   611 | D        | Identified the +2 giant club "Carphy" {flame, Will+++
                  | Str+3} (Trog gifted it to you in the Dungeon)
   611 | D        | Received a gift from Trog
   613 | D        | Reached skill level 14 in Unarmed Combat
   636 | D        | Received a gift from Trog
   936 | D        | Noticed a cane toad
   936 | D        | Noticed a cane toad
   942 | D        | Killed a cane toad
   949 | D        | Killed a cane toad
   957 | D        | HP: 4/118 [poisoned by a cane toad]
  1051 | D        | Reached skill level 15 in Unarmed Combat
  1077 | D        | Received a gift from Trog
  1148 | D        | Noticed an elephant
  1148 | D        | Noticed an elephant
  1153 | D        | Killed an elephant
  1158 | D        | Noticed a dire elephant
  1161 | D        | Noticed a dire elephant
  1163 | D        | Killed an elephant
  1164 | D        | Reached XP level 11. HP: 127/127 MP: 10/10
  1172 | D        | Killed a dire elephant
  1177 | D        | Killed a dire elephant
  1178 | D        | Reached skill level 16 in Unarmed Combat
  1190 | D        | Noticed Gastronok
  1198 | D        | Killed Gastronok
  1208 | D        | Noticed an azure jelly
  1209 | D        | Noticed an azure jelly
  1209 | D        | Noticed an azure jelly
  1263 | D        | Noticed an azure jelly
  1266 | D        | Noticed Rupert
  1280 | D        | Killed Rupert
  1349 | D        | Noticed Donald
  1349 | D        | Noticed Frances
  1357 | D        | Killed Donald
  1357 | D        | Received a gift from Trog
  1358 | D        | Reached skill level 17 in Unarmed Combat
  1358 | D        | Killed Frances
  1359 | D        | Reached skill level 15 in Fighting
  1401 | D        | Killed from afar by an orc high priest

Illustrated notes

Levels and vault maps discovered:
D:        dungeon_sprint_mu [sprint_mu_entry_forest, sprint_mu_temple_rooms,
          sprint_mu_d1_horrors, sprint_mu_d2_genie, sprint_mu_d3_branching,
          sprint_mu_orc_legion, sprint_mu_elf_gauntlet, sprint_mu_hive_nellie,
          sprint_mu_lair_fedhas, sprint_mu_vaults_butterflies,
          sprint_mu_slime_circle, sprint_mu_swamp_cave, sprint_mu_shoals_archi,
          sprint_mu_blade_basic, sprint_mu_crypt_chambers,
          sprint_mu_tomb_spiral, sprint_mu_vestibule_basic,
          sprint_mu_gehenna_hellfire, sprint_mu_dis_giant,
          sprint_mu_tartarus_statrot, sprint_mu_cocytus_islands, sprint_mu_zot1]

Skill      XL: |  1  2  3  4  5  6  7  8  9 10 11 |
---------------+----------------------------------+-----
Fighting       | 3 4 5 6 7 9 10 12 13 15 | 15.1
Dodging        | 3 4 5 6 7 8 10 11 13 14 | 14.9
Unarmed Combat | 4 5 6 7 9 10 12 13 15 17 | 17.5

Action                     |  1- 3 |  4- 6 |  7- 9 | 10-12 || total
---------------------------+-------+-------+-------+-------++-------
  Melee: Unarmed           |    25 |    28 |    72 |   107 ||   232
         Punch             |       |       |     2 |     5 ||     7
 Invoke: Berserk           |       |     2 |     2 |     3 ||     7
         Brothers in Arms  |       |       |     1 |     4 ||     5
    Use: Scroll            |       |       |       |     3 ||     3
         Potion            |       |       |       |     3 ||     3
 Armour: Animal skin       |    12 |    18 |    75 |    81 ||   186
  Dodge: Dodged            |    10 |     6 |    45 |    76 ||   137

Table legend: (Time is in decaauts)
 A = Elapsed time spent in this place.
 B = Non-inter-level travel time spent in this place.
 C = Inter-level travel time spent in this place.
 D = Time resting spent in this place.
 E = Time spent auto-exploring this place.
 F = Levels seen in this place.
 G = Mean time per level.
                   A        B        C        D        E       F      G
               +--------+--------+--------+--------+--------+-----+--------+
         Total |   1411 |   1344 |     67 |    622 |     56 |   1 | 1411.0 |
       Dungeon |   1411 |   1344 |     67 |    622 |     56 |   1 | 1411.0 |
               +--------+--------+--------+--------+--------+-----+--------+

Top non-repeatable levels by time:
       D: 1411 daAuts
